 Dungeon Crawl Stone Soup version 0.31-a0-1338-gb567cfdca4 (webtiles) character file.

Game seed: 4030300693427670687

16 Sonofthefire the Changeling (level 2, -1/18 HPs)
             Began as an Octopode Shapeshifter on Dec 21, 2023.
             Succumbed to a goblin's poison
             ... on level 2 of the Dungeon.
             The game lasted 00:00:28 (389 turns).

Sonofthefire the Changeling (Octopode Shapeshifter)  Turns: 389, Time: 00:00:29

Health: -1/18      AC:  1    Str: 13    XL:     2   Next: 54%
Magic:  2/2        EV: 13    Int: 12    God:
Gold:   23         SH:  0    Dex: 11    Spells: 1/1 levels left

rFire   . .          .
                       - Unarmed
rCold   . . .        (no shield)
rNeg    . . .        (helmet currently unavailable)
rPois   .            (no amulet)
rElec   .            (no ring)
rCorr   .            (no ring)
SInv    .            (no ring)
Will    .....        (no ring)
Stlth   ++           (no ring)
HPRegen 0.23/turn    (no ring)
MPRegen 0.08/turn    (no ring)
                     (no ring)

%: no passive effects
@: lethally poisoned (-1 -> -15), beast-form
A: beast (slay +2), almost no armour, amphibious, 8 rings, camouflage 1,
gelatinous body 1, (nimble swimmer 1), tentacles
a: Begin Untransformation


You were on level 2 of the Dungeon.
You were a hulking beast.
You visited 1 branch of the dungeon, and saw 2 of its levels.

You collected 23 gold pieces.

Inventory:

Talismans
 b - a beast talisman
 c - a flux talisman
Scrolls
 d - a scroll of vulnerability {unknown}
 e - a scroll of acquirement {unknown}
 g - a scroll of revelation {unknown}
 h - a scroll of identify {unknown}
Potions
 a - a potion of lignification
 f - 2 potions of enlightenment {unknown}
 i - a potion of curing {unknown}


   Skills:
 - Level 1.0 Fighting
 - Level 2.0 Dodging
 - Level 3.0 Unarmed Combat
 + Level 3.7 Shapeshifting


You had one spell level left.
You didn't know any spells.
Your spell library contained the following spells:

 Spells                   Type           Power      Damage    Failure   Level
 Ensorcelled Hibernation  Hex/Ice        0%         N/A       45%         2
 Dazzling Flash           Conj/Hex       0%         N/A       69%         3
 Fugue of the Fallen      Necr           0%         N/A       69%         3
 Mephitic Cloud           Conj/Alch/Air  0%         N/A       69%         3
 Volatile Blastmotes      Fire/Tloc      0%         2d10      69%         3
 Anguish                  Hex/Necr       0%         N/A       97%         4
 Fulminant Prism          Conj/Alch      0%         3d5       97%         4
 Iskenderun's Mystic Bla  Conj/Tloc      0%         2d3       97%         4
 Agony                    Necr           0%         N/A       100%        5
 Silence                  Hex/Air        0%         N/A       100%        5


Dungeon Overview and Level Annotations

Branches:
Dungeon (1/15)

Altars:

Shops:
D:1 [


Innate Abilities, Weirdness & Mutations

You are a hulking beast.
Your limbs bulge with bestial killing power. (Slay +2)
You cannot wear most types of armour.
You are amphibious.
You can wear up to eight rings at the same time.
Your skin changes colour to match your surroundings (Stealth+).
Your rubbery body absorbs attacks. (AC +1, EV +1)
((You are camouflaged when in or above water. (Stealth+)))
You have tentacles for arms and can constrict up to eight enemies at once.


Message History

You fall into a shaft and drop 1 floor!
The shaft crumbles and collapses.
No target in view!
No target in view!
i - a white potion You open the door.
A goblin and a ball python come into view.
The goblin is wielding a +1 dagger of venom.
The goblin shouts!
The ball python hisses angrily.
Found three items.
Found a stone staircase leading down.
The ball python misses you. x2
The goblin hits you with a +1 dagger of venom.
The ball python bites you. The ball python grabs you.
The ball python constricts you.
There is an open door here.
There are monsters nearby!
You are too injured to fight recklessly!
There are monsters nearby!
You are too injured to fight recklessly!
There are monsters nearby!
You tentacle-slap the ball python. Your grab misses the ball python.
The ball python is heavily wounded.
The ball python closely misses you. The ball python constricts you.
You closely miss the ball python. Your grab misses the ball python.
You squeeze the ball python.
You kill the ball python!
The goblin hits you with a +1 dagger of venom.
You are lethally poisoned!
You tentacle-slap the goblin. Your grab misses the goblin.
The goblin is heavily wounded.
You feel very sick.
The goblin hits you with a +1 dagger of venom.
* * * LOW HITPOINT WARNING * * *
You are more poisoned.
Unknown command.
You tentacle-slap the goblin.
You kill the goblin!
* * * LOW HITPOINT WARNING * * *
You feel very sick.
You die...

# .. ##. #.##
#..###..#
##........##
..........########
#.................
#........#.?...[..
#........'†.>.....
#........#h.......
#........#..."....
#........#........
###......#........
##.####.#........
#.....#.##.######
#...###.# .#
#.......# .#
#..#######


There were no monsters in sight!

Vanquished Creatures
  A ball python (D:2)
  An endoplasm (D:1)
  A giant cockroach (D:1)
  2 goblins
  A hobgoblin (D:1)
  4 jackals (D:1)
  A kobold (D:1)
  A frilled lizard (D:1)
12 creatures vanquished.

Notes
Turn   | Place    | Note
-------+----------+-------------------------------------------
     0 | D:1      | Sonofthefire the Octopode Shapeshifter began the quest for
                  | the Orb.
     0 | D:1      | Reached XP level 1. HP: 13/13 MP: 1/1
   175 | D:1      | Found Veosio's Antique Armour Emporium.
   204 | D:1      | Reached XP level 2. HP: 10/18 MP: 2/2
   360 | D:1      | You fall into a shaft and drop 1 floor!
   389 | D:2      | Succumbed to a goblin's poison

Illustrated notes

Levels and vault maps discovered:
D:1:      minmay_arrival_wavy_path, layout_loops_ring, serial_shops,
          nicolae_diamond_shop, nicolae_shop_rolled_up
D:2:      layout_basic, ebering_ecumenical_altar_rust, minmay_heptomino_w4

Action                     || total
---------------------------++-------
  Melee: Unarmed           ||    24
         Constrict         ||     7
         Tentacles         ||     6
 Armour: Skin              ||    14
  Dodge: Dodged            ||    14

Table legend: (Time is in decaauts)
 A = Elapsed time spent in this place.
 B = Non-inter-level travel time spent in this place.
 C = Inter-level travel time spent in this place.
 D = Time resting spent in this place.
 E = Time spent auto-exploring this place.
 F = Levels seen in this place.
 G = Mean time per level.
                   A        B        C        D        E       F      G
               +--------+--------+--------+--------+--------+-----+--------+
         Total |    387 |    387 |      0 |     47 |    273 |   2 |  193.5 |
       Dungeon |    387 |    387 |      0 |     47 |    273 |   2 |  193.5 |
               +--------+--------+--------+--------+--------+-----+--------+

Top non-repeatable levels by time:
     D:1: 358 daAuts
     D:2: 28 daAuts
